 Dungeon Crawl Stone Soup version 0.26.0-18-gc5c842f807 (webtiles) character file.

Game seed: 4424300426314032674

1831 thiole the Caller (level 9, -1/55 HPs)
             Began as an Octopode Hedge Wizard on Jan 22, 2021.
             Was an Initiate of Gozag.
             Shot with an arrow by a centaur (7 damage)
             ... on level 7 of the Dungeon.
             The game lasted 00:22:10 (7055 turns).

thiole the Caller (Octopode Hedge Wizard)           Turns: 7055, Time: 00:22:10

Health: -1/55      AC:  1    Str: 10    XL:     9   Next: 11%
Magic:  13/17      EV: 18    Int: 19    God:    Gozag
Gold:   749        SH:  0    Dex: 17    Spells: 6/18 levels left

rFire    . . .     SeeInvis .   d - +2 dagger (elec)
rCold    . . .     Faith    .   (no shield)
rNeg     + . .     Spirit   .   b - +0 hat
rPois    +         Reflect  .   (no amulet)
rElec    .         Harm     .   h - ring of positive energy
rCorr    +         Rampage  .   i - +6 ring of dexterity
Will     .....                  o - ring of poison resistance
Stlth    ++++......             s - ring of resist corrosion
HPRegen  0.18/turn              t - +4 ring of evasion
MPRegen  0.15/turn              (no ring)
                                (no ring)
                                (no ring)

@: no status effects
A: almost no armour, stealthy swim, amphibious, 8 rings, constrict 8, camouflage
1, gelatinous body 1
a: Renounce Religion, Potion Petition, Call Merchant, Bribe Branch


You were on level 7 of the Dungeon.
You worshipped Gozag.
Gozag was pleased with you.
You visited 2 branches of the dungeon, and saw 8 of its levels.

You collected 806 gold pieces.
You paid 57 gold pieces to Gozag.

Inventory:

Hand Weapons
 a - a +0 dagger
 d - a +2 dagger of electrocution (weapon)
 e - a +1 flail of holy wrath
 x - a +3 scythe of freezing
Armour
 b - a +0 hat (worn)
 w - a +0 tower shield
Jewellery
 h - a ring of positive energy (left tentacle)
 i - a +6 ring of dexterity (right tentacle)
 o - a ring of poison resistance (on tentacle)
 s - a ring of resist corrosion (on tentacle)
 t - a +4 ring of evasion (on tentacle)
Wands
 f - a wand of acid (6)
Scrolls
 c - 5 scrolls of remove curse
 g - 3 scrolls of identify
 j - 2 scrolls of teleportation
 k - a scroll of fog {unknown}
 l - 2 scrolls of fear {unknown}
 u - a scroll of enchant weapon {unknown}
 v - 2 scrolls of magic mapping {unknown}
 y - a scroll of amnesia {unknown}
 A - a scroll of blinking
Potions
 m - a potion of mutation
 n - a potion of invisibility
 p - 3 potions of might
 q - a potion of haste
 r - a potion of heal wounds
 z - a potion of attraction {unknown}


   Skills:
 + Level 2.7 Fighting
 - Level 2.0 Dodging
 - Level 4.4 Stealth
 + Level 2.6 Shields
 + Level 5.4 Spellcasting
 - Level 2.0 Conjurations
 - Level 6.0 Summonings
 - Level 1.0 Translocations
 + Level 1.7 Ice Magic
 * Level 6.0 Air Magic


You had 6 spell levels left.
You knew the following spells:

 Your Spells              Type           Power        Failure   Level
a - Magic Dart            Conj           48%          5%          1
b - Summon Lightning Spi  Summ/Air       28%          10%         4
c - Summon Guardian Gole  Hex/Summ       16%          11%         3
d - Summon Ice Beast      Ice/Summ       19%          24%         4

Your spell library contained the following spells:

 Spells                   Type           Power        Failure   Level
 Summon Small Mammal      Summ           100%         1%          1
 Call Imp                 Summ           27%          1%          2
 Call Canine Familiar     Summ           27%          3%          3
 Blink                    Tloc           N/A          12%         2
 Mephitic Cloud           Conj/Pois/Air  15%          12%         3
 Slow                     Hex            5%           19%         2
 Conjure Flame            Conj/Fire      8%           24%         3


Dungeon Overview and Level Annotations

Branches:
Dungeon (7/15)             Temple (1/1) D:4

Altars:
Ashenzari
Cheibriados
Fedhas
Gozag
Hepliaklqana
Kikubaaqudgha
Makhleb
Nemelex Xobeh
Qazlal
Sif Muna
Trog
Uskayaw
Vehumet
Wu Jian
Xom
Zin
The Shining One

Shops:
D:5 (   D:6 *


Innate Abilities, Weirdness & Mutations

You cannot wear most types of armour.
You are very stealthy in the water. (Stealth+)
You are amphibious.
You can wear up to eight rings at the same time.
You can use your tentacles to constrict eight enemies at once.
Your skin changes colour to match your surroundings (Stealth+).
Your rubbery body absorbs attacks. (AC +1, EV +1)


Message History

The arrow hits you.
The centaur shouts!
You see here an arrow.
Casting: Summon Lightning Spire (dangerous; 10% risk of failure)
Confirm with . or Enter, or press ? or * to list all spells.
An electric hum fills the air.
The centaur shouts! x2
The centaur wields a +0 shortbow.
The centaur shoots an arrow.
The arrow misses you.
The centaur shoots an arrow.
The arrow closely misses you.
The centaur wields a +0 shortbow.
The centaur shoots an arrow.
The arrow misses you.
The centaur shoots an arrow.
The arrow hits you!
The centaur shoots an arrow.
The arrow hits you!
The centaur wields a +0 shortbow.
The centaur shoots an arrow.
The arrow hits you!
* * * LOW HITPOINT WARNING * * *
The centaur shoots an arrow.
The arrow hits you!
* * * LOW HITPOINT WARNING * * *
The centaur shoots an arrow.
The arrow hits you!
You die...
Your body crumbles into a pile of gold.

........# #..#
.###.######..###
# #.).........#
########.#### #
#.# .# #.# .#
#.###### .#
#.....(##..#
#.####@.8.## ###
#.(....#
#≈≈≈≈≈≈#
#≈≈≈≈≈≈#
≈≈≈≈≈≈≈≈#
#≈≈≈≈≈≈c≈≈#
≈≈≈c≈≈≈#≈≈#
≈≈#.!_cc##≈#
#≈##.....# ##


You could see 4 centaurs and a friendly lightning spire (summoned).

Vanquished Creatures
  A centaur skeleton (D:6)
  Sigmund (D:4)
  A phantom (D:5)
  An ogre (D:3)
  A centaur (D:6)
  2 howler monkeys
  An orc priest (D:5)
  2 hounds
  Jessica (D:3)
  6 orc wizards
  4 worker ants
  7 adders
  2 ufetubi (D:5)
  An ooze (D:1)
  2 adder skeletons
  2 worms
  6 leopard geckos
  7 orcs
  5 bats
  3 giant cockroaches
  4 goblins
  7 hobgoblins
  3 jackals (D:6)
  7 kobolds
  2 quokkas
  2 ball pythons
  A ball python skeleton (D:5)
  4 frilled lizards
  A leopard gecko skeleton (D:6)
  5 rats
92 creatures vanquished.

Vanquished Creatures (collateral kills)
  Pikel (D:7)
  2 orc warriors (D:6)
  A water moccasin (D:6)
  A centaur (D:5)
  An ogre (D:5)
  3 lemures (D:7)
  A bullfrog (D:7)
  An orc priest (D:6)
  An iguana (D:6)
  A bullfrog skeleton (D:6)
  4 orc wizards
  A worker ant (D:6)
  2 white imps
  An ufetubus (D:5)
  14 orcs
  2 jackals (D:6)
37 creatures vanquished.

Vanquished Creatures (others)
  11 plants (D:5)
11 creatures vanquished.

Grand Total: 140 creatures vanquished

Notes
Turn   | Place    | Note
-------+----------+-------------------------------------------
     0 | D:1      | thiole the Octopode Hedge Wizard began the quest for the
                  | Orb.
     0 | D:1      | Reached XP level 1. HP: 11/11 MP: 4/4
   167 | D:1      | Reached XP level 2. HP: 17/17 MP: 4/6
   726 | D:1      | Reached XP level 3. HP: 12/21 MP: 1/7
  1204 | D:2      | Reached XP level 4. HP: 26/27 MP: 3/9
  1287 | D:2      | Found a radiant altar of Vehumet.
  1287 | D:2      | Found a hide-covered altar of Uskayaw.
  1292 | D:2      | Found a snail-covered altar of Cheibriados.
  1293 | D:2      | Found a burning altar of Makhleb.
  1330 | D:2      | Found a glowing silver altar of Zin.
  1379 | D:2      | Found a glowing golden altar of the Shining One.
  2031 | D:3      | Noticed an ogre
  2094 | D:4      | Learned a level 4 spell: Summon Lightning Spire
  2098 | D:4      | Learned a level 3 spell: Summon Guardian Golem
  2212 | D:4      | Reached XP level 5. HP: 31/31 MP: 8/10
  2231 | D:4      | Noticed Sigmund
  2354 | D:4      | Found a staircase to the Ecumenical Temple.
  2359 | Temple   | Entered the Ecumenical Temple
  2510 | Temple   | Became a worshipper of Gozag Ym Sagoz the Greedy
  2876 | D:3      | Killed an ogre
  2877 | D:3      | Reached skill level 1 in Air Magic
  2987 | D:3      | Found a faded altar of an unknown god.
  3261 | D:3      | Reached XP level 6. HP: 36/36 MP: 8/12
  3376 | D:3      | Noticed an ice beast
  3518 | D:3      | Noticed Jessica
  3521 | D:3      | Killed Jessica
  3550 | D:3      | Found a shimmering blue altar of Sif Muna.
  3857 | D:4      | Killed Sigmund
  4010 | D:5      | Entered Level 5 of the Dungeon
  4016 | D:5      | Reached XP level 7. HP: 41/41 MP: 8/13
  4267 | D:5      | Found a glowing silver altar of Zin.
  4903 | D:5      | Found Cets's Weapon Emporium.
  4925 | D:5      | Reached skill level 5 in Summonings
  4935 | D:5      | Reached XP level 8. HP: 37/47 MP: 7/15
  5371 | D:6      | Reached skill level 1 in Fighting
  5371 | D:6      | Reached skill level 1 in Shields
  5371 | D:6      | Reached skill level 5 in Spellcasting
  5405 | D:6      | Reached skill level 5 in Air Magic
  5482 | D:6      | Learned a level 4 spell: Summon Ice Beast
  5619 | D:6      | Found Rakifael's Assorted Antiques.
  6210 | D:6      | Reached skill level 1 in Ice Magic
  6923 | D:7      | Noticed Pikel
  6932 | D:7      | Killed Pikel
  6933 | D:7      | Reached XP level 9. HP: 55/55 MP: 0/17
  7052 | D:7      | Found an ancient bone altar of Kikubaaqudgha.
  7055 | D:7      | Shot with an arrow by a centaur

Illustrated notes

Levels and vault maps discovered:
D:1:      lemuel_arrival_river_ford, layout_rooms, minmay_surrounded
D:2:      layout_rooms, grunt_temple_overflow_open, serial_bayou,
          serial_bayou_pond_c, serial_bayou_lagoon_b, serial_bayou_crossing,
          serial_bayou_pond_c, minmay_misc_feat_ornament
D:3:      layout_rooms, tgw_sif, chequers_ecumenical_altar_grove, minmay_puff
D:4:      layout_loops_ring, temple_doors_cd, uniq_sigmund
D:5:      layout_cave_pools, basic_altar, serial_shops, shop,
          serial_bayou_ford_a
D:6:      mumra_celtic_spiral_tile, layout_loops_corners, serial_shops,
          nicolae_shop_temple_entry_statues_fountains
D:7:      layout_loops_ring, lemuel_centaur_altar, uniq_pikel,
          uniq_crazy_yiuf_cottage
Temple:   minmay_temple_curvy_branch

Skill      XL: |  1  2  3  4  5  6  7  8 |
---------------+-------------------------+-----
Stealth        | 3 4 |  4.4
Conjurations   | 2 |  2.0
Summonings     | 2 3 5 6 |  6.0
Air Magic      | 2 3 4 6 |  6.0
Spellcasting   | 4 5 |  5.4
Fighting       | 2 |  2.7
Shields        | 2 |  2.6
Ice Magic      | 1 |  1.7
Dodging        | |  2.0
Translocations | |  1.0

Action                   |  1- 3 |  4- 6 |  7- 9 || total
-------------------------+-------+-------+-------++-------
Melee: Dagger            |    23 |    32 |    82 ||   137
       Constrict         |     5 |     5 |    15 ||    25
       Tentacles         |     2 |     3 |    15 ||    20
 Cast: Magic Dart        |    46 |    50 |    49 ||   145
       Summon Guardian G |       |     2 |       ||     2
       Summon Lightning  |       |       |    21 ||    21
  Use: Scroll            |       |     1 |     9 ||    10
       Potion            |       |     1 |     3 ||     4
 Stab: Sleeping          |     2 |     1 |     1 ||     4
       Distracted        |       |       |     2 ||     2
Armor: Skin              |     2 |     1 |     1 ||     4
Dodge: Dodged            |     9 |    17 |    73 ||    99
